 Dungeon Crawl Stone Soup version 0.28-a0-511-gcc94558de3 (webtiles) character file.

Game seed: 15031908487278546627

100 Rennog the Skirmisher (level 4, 0/38 HPs)
             Began as a Demonspawn Fighter on Sept 22, 2021.
             Slain by a gnoll (6 damage)
             ... on level 3 of the Dungeon.
             The game lasted 00:02:02 (2457 turns).

Rennog the Skirmisher (Demonspawn Fighter)          Turns: 2457, Time: 00:02:03

Health: 0/38       AC: 15    Str: 17    XL:     4   Next: 47%
Magic:  4/4        EV:  7    Int: 10    God:
Gold:   70         SH:  4    Dex: 12    Spells: 3/3 levels left

rFire   . . .      SeeInvis .   a - +0 rapier
rCold   . . .      Faith    .   c - +0 buckler
rNeg    . . .      Spirit   .   j - +0 chain mail
rPois   .          Reflect  .   (no helmet)
rElec   .          Harm     .   m - +1 cloak
rCorr   .          Rampage  .   b - +0 pair of gloves
Will    .....                   k - +0 pair of boots
Stlth   ..........              (no amulet)
HPRegen 0.12/turn               (no ring)
MPRegen 0.09/turn               (no ring)

@: no status effects
A: yellow scales 1, demonic guardian 1
a: no special abilities


You were on level 3 of the Dungeon.
You visited 1 branch of the dungeon, and saw 3 of its levels.

You collected 70 gold pieces.

Inventory:

Hand Weapons
 a - a +0 rapier (weapon)
Armour
 b - a +0 pair of gloves (worn)
 c - a +0 buckler (worn)
 j - a +0 chain mail (worn)
 k - a +0 pair of boots (worn)
 m - a +1 cloak (worn)
Scrolls
 e - 2 scrolls of teleportation {unknown}
 g - a scroll of acquirement {unknown}
 i - a scroll of torment {unknown}
 l - a scroll of fog {unknown}
 n - a scroll of fear {unknown}
Potions
 d - a potion of might
 f - a potion of flight {unknown}
 h - a potion of curing {unknown}
 o - a potion of heal wounds {unknown}


   Skills:
 * Level 4.7 Fighting
 - Level 1.7 Short Blades
 - Level 2.6 Armour
 + Level 2.0 Dodging
 - Level 2.6 Shields


You had 3 spell levels left.
You didn't know any spells.
Your spell library contained the following spells:

 Spells                   Type           Power      Damage    Failure   Level
 Animate Skeleton         Necr           0%         N/A       100%        1
 Pain                     Necr           0%         1d4       100%        1
 Vampiric Draining        Necr           0%         2d6       100%        3


Dungeon Overview and Level Annotations

Branches:
Dungeon (3/15)

Altars:

Shops:
D:1 :[*[(   D:2 !

Annotations:
D:3 Grinder


Innate Abilities, Weirdness & Mutations

You are partially covered in yellow scales. (AC +2)
A weak demonic guardian rushes to your aid.


Message History

You completely miss the adder.
The adder is heavily wounded.
The gnoll hits you but does no damage. You block the kobold's attack.
The gnoll hits you but does no damage. The adder bites you but does no damage.
The gnoll hits you with a +0 flail. The gnoll closely misses you.
The gnoll hits you but does no damage. The gnoll closely misses you.
You hit the adder.
You kill the adder!
The kobold barely misses you. The gnoll hits you but does no damage.
The orc hits you with a +0 flail. Grinder gestures at you.
Pain shoots through your body! The gnoll hits you but does no damage.
You block the gnoll's attack. The gnoll hits you but does no damage.
The gnoll hits you with a +0 flail.
Your Dodging skill increases to level 2!
Grinder gestures at you. Pain shoots through your body!
* * * LOW HITPOINT WARNING * * *
A demonic guardian appears!
You block the gnoll's attack. The gnoll barely misses you.
You block the gnoll's attack.
Your quasit closely misses Grinder.
Your quasit claws Grinder but does no damage.
Your quasit closely misses Grinder.
The gnoll hits you but does no damage. You block the gnoll's attack.
Your quasit barely misses Grinder. x3; Grinder hits your quasit.
Your quasit bites Grinder.
Your quasit closely misses Grinder.
Your quasit claws Grinder but does no damage.
Grinder blinks!
An orc comes into view. It is wielding a +0 flail.
The gnoll hits your quasit with a +0 halberd!
Your quasit dies!
Your quasit disappears in a puff of smoke!
The gnoll hits you but does no damage.
There is a stone staircase leading up here.
The gnoll hits you from afar with a +0 spear.
* * * LOW HITPOINT WARNING * * *
The kobold hits you with a +0 short sword.
* * * LOW HITPOINT WARNING * * *
The gnoll hits you with a +0 flail.
You die...

#.###.....o.......
......>...........
#.#####.o##.......
......g..# ....##.
######g..# ....#
#go.# .....= #g.g#
....##. #Kg.#
....# #@..# #...#
#...# #...# #...#
#[... #...## #####


You could see 6 gnolls, 2 orcs and a kobold.

Vanquished Creatures
  3 adders
  2 worms (D:2)
  A dart slug (D:1)
  6 bats
  6 endoplasms
  3 goblins
  9 hobgoblins
  5 jackals (D:1)
  10 kobolds
  A quokka (D:2)
  6 ball pythons (D:1)
  3 frilled lizards
  5 rats (D:2)
60 creatures vanquished.

Vanquished Creatures (collateral kills)
  A goblin (D:1)
  A jackal (D:1)
  A rat (D:1)
3 creatures vanquished.

Vanquished Creatures (others)
  15 plants
15 creatures vanquished.

Grand Total: 78 creatures vanquished

Notes
Turn   | Place    | Note
-------+----------+-------------------------------------------
     0 | D:1      | Rennog the Demonspawn Fighter began the quest for the Orb.
     0 | D:1      | Reached XP level 1. HP: 18/18 MP: 1/1
   116 | D:1      | Found Pipnumiq's Antique Weapon Emporium.
   173 | D:1      | Gained mutation: A weak demonic guardian rushes to your
                  | aid. [demonic ancestry]
   173 | D:1      | Reached XP level 2. HP: 18/24 MP: 2/2
   313 | D:1      | Found Edetomn's Assorted Antiques.
   317 | D:1      | Reached skill level 1 in Dodging
   354 | D:1      | Found Qiatal's Antique Armour Boutique.
   450 | D:1      | Gained mutation: You are partially covered in yellow
                  | scales. (AC +2) [demonic ancestry]
   450 | D:1      | Reached XP level 3. HP: 18/30 MP: 3/3
   610 | D:1      | Found Semill's Antique Armour Emporium.
   860 | D:1      | Found Xoluock's Book Emporium.
   870 | D:1      | Reached skill level 4 in Fighting
  1512 | D:2      | Found Saarghaant's Distillery.
  1671 | D:2      | Found a faded altar of an unknown god.
  1709 | D:2      | Reached XP level 4. HP: 35/38 MP: 4/4
  2439 | D:3      | Noticed Grinder
  2457 | D:3      | Slain by a gnoll

Illustrated notes

Levels and vault maps discovered:
D:1:      lightli_arrival_windingriver, layout_basic, serial_shops,
          nicolae_shop_statue_plus, shop, shop, shop_fountains, shop,
          serial_forest, infiniplex_forest_clump_diagonal,
          infiniplex_forest_lined_4_way, infiniplex_forest_clump_diagonal,
          infiniplex_forest_end_3, infiniplex_forest_corner_2,
          minmay_box_of_dots
D:2:      layout_basic, serial_shops, shop, hellmonk_ecumenical_altar_blasted,
          chequers_arboretum, lexackson_kobold_supper
D:3:      layout_basic, minitemple, minmay_crystal_room, uniq_grinder

Skill      XL: |  1  2  3  4 |
---------------+-------------+-----
Dodging        | 1 2 |  2.0
Fighting       | 4 |  4.7
Short Blades   | |  1.7
Armour         | |  2.6
Shields        | |  2.6

Action                   |  1- 3 |  4- 6 || total
-------------------------+-------+-------++-------
Melee: Rapier            |   141 |    56 ||   197
Armor: Scale mail        |    53 |       ||    53
       Chain mail        |    39 |    54 ||    93
Dodge: Dodged            |    82 |    26 ||   108
Block: Buckler           |    36 |    17 ||    53

Table legend: (Time is in decaauts)
 A = Elapsed time spent in this place.
 B = Non-inter-level travel time spent in this place.
 C = Inter-level travel time spent in this place.
 D = Time resting spent in this place.
 E = Time spent auto-exploring this place.
 F = Levels seen in this place.
 G = Mean time per level.
                   A        B        C        D        E       F      G
               +--------+--------+--------+--------+--------+-----+--------+
         Total |   2486 |   2403 |     83 |      0 |   1978 |   3 |  828.7 |
       Dungeon |   2486 |   2403 |     83 |      0 |   1978 |   3 |  828.7 |
               +--------+--------+--------+--------+--------+-----+--------+

Top non-repeatable levels by time:
     D:1: 1315 daAuts
     D:2: 1122 daAuts
     D:3: 48 daAuts
